 Dungeon Crawl Stone Soup version 0.15-a0-58-gfb3cfe9 (webtiles) character file.

106 Kanakotka the Vexing (level 3, 0/16 HPs)
             Began as a Vine Stalker Enchanter on Apr 5, 2014.
             Succumbed to Crazy Yiuf's poison
             ... on Level 2 of the Dungeon.
             The game lasted 00:12:14 (1420 turns).

Kanakotka the Vexing (Vine Stalker Enchanter)       Turns: 1420, Time: 00:12:14

HP   0/16        AC  7     Str 10      XL: 3   Next: 62%
MP   0/7         EV 12     Int 15      God:
Gold 62          SH  0     Dex 15      Spells:  3 memorised,  0 levels left

rFire  . . .     SeeInvis .     a - +1 dagger
rCold  . . .     Clarity  .     b - +1 robe
rNeg   . . .     Conserve .     (no shield)
rPois  .         rCorr    .     (no helmet)
rElec  .         rRot     +     e - +0 cloak
SustAb . .       Spirit   +     (no gloves)
rMut   .         Warding  .     p - +2 pair of boots
Saprov . . .     Stasis   .     (no amulet)
MR     .....                    (no ring)
                                (no ring)

@: lethally poisoned, slowed, very slow, not resistant to hostile enchantments,
fairly stealthy
A: fangs 2, regeneration 1, magic shield, antimagic bite, no device heal
a: no special abilities


You were on level 2 of the Dungeon.
You were not hungry.

You visited 1 branch of the dungeon, and saw 2 of its levels.

You collected 62 gold pieces.

Inventory:

Hand weapons
 a - a +1,+1 dagger (weapon)
Missiles
 d - 12 darts (quivered)
 n - 5 poisoned needles
Armour
 b - a +1 robe (worn)
 e - a +0 cloak (worn)
 p - a +2 pair of boots (worn)
Comestibles
 f - a bread ration
Scrolls
 g - 2 scrolls of remove curse
 i - 2 scrolls of identify
 l - a scroll of enchant weapon I {unknown}
Jewellery
 j - an uncursed ring of fire {unknown}
Potions
 h - a potion of heal wounds {unknown}
 k - a potion of paralysis {unknown}
 m - a potion of degeneration {unknown}
 o - 2 potions of cure mutation {unknown}
 q - a potion of mutation {unknown}
Books
 c - a book of Maledictions

   Spells                             Type                      Level
   *Corona                            Hexes                        1
   *Sure Blade                        Hexes/Charms                 2
   Ensorcelled Hibernation            Hexes/Ice                    2
   *Confuse                           Hexes                        3
   Enslavement                        Hexes                        4
   Invisibility                       Hexes                        6


   Skills:
 + Level 1.3 Short Blades
 + Level 1.2 Throwing
 + Level 1.9 Dodging
 + Level 2.9 Stealth
 * Level 1.0 Unarmed Combat
 - Level 2.3 Spellcasting
 + Level 3.3 Hexes


You couldn't memorise any spells.
You knew the following spells:

 Your Spells              Type           Power        Failure   Level  Hunger
a - Corona                Hex            ##.....      8%          1    #......
b - Confuse               Hex            ##......     21%         3    ####...
c - Sure Blade            Hex/Chrm       #.........   17%         2    ##.....


Dungeon Overview and Level Annotations

Branches:
Dungeon (2/15)

Altars:

Annotations:
D:2 Crazy Yiuf


Innate Abilities, Weirdness & Mutations

You are immune to rotting.
You have extremely sharp teeth.
Your natural rate of healing is unusually fast.
When hurt, damage is shared between your health and your magic reserves.
Your bite disrupts and absorbs the magic of your enemies.
Potions and wands cannot restore your HP.


Message History

You hit Crazy Yiuf but do no damage.
Crazy Yiuf is heavily wounded.
The bond with your blade fades away.
Crazy Yiuf grits, "Cake!"
Crazy Yiuf completely misses you.
You barely miss Crazy Yiuf.
Crazy Yiuf is heavily wounded.
Crazy Yiuf screams, "Papa action shoe!"
Crazy Yiuf hits you with a quarterstaff of chaos.
You are poisoned.
You hit Crazy Yiuf.
Crazy Yiuf is heavily wounded.
* * * LOW HITPOINT WARNING * * *
You feel sick.
Crazy Yiuf stops glowing.
Crazy Yiuf screams, "Castle!"
Crazy Yiuf hits you with a quarterstaff of chaos!
* * * LOW HITPOINT WARNING * * *
You hit Crazy Yiuf.
Crazy Yiuf is severely wounded.
You die...

.).....#######....###
.......# #....#
..)....# ♣....♣
.......# ♣...♣♣
.......# ♣♣.♣♣
....%%.# ♣.♣♣
.......# ♣♣.♣
.......# ♣.♣♣
.......# ♣♣@♣
.......# #g# ####+###
... #...# #..)# #####


You could see Crazy Yiuf.

Vanquished Creatures
  An adder (D:2)
  2 giant geckos (D:1)
  2 ball pythons (D:1)
  3 bats (D:1)
  A giant cockroach (D:1)
  7 goblins
  2 hobgoblins
  2 giant newts (D:1)
  6 kobolds
  7 rats
33 creatures vanquished.

Notes
Turn   | Place    | Note
--------------------------------------------------------------
     0 | D:1      | Kanakotka, the Vine Stalker Enchanter, began the quest for the Orb.
     0 | D:1      | Reached XP level 1. HP: 9/9 MP: 3/3
   563 | D:1      | Reached skill level 1 in Short Blades
   563 | D:1      | Reached XP level 2. HP: 13/13 MP: 5/5
   567 | D:1      | Reached skill level 1 in Throwing
   874 | D:1      | Reached XP level 3. HP: 13/16 MP: 7/7
  1338 | D:2      | Reached skill level 1 in Unarmed Combat
  1401 | D:2      | Noticed Crazy Yiuf
  1407 | D:2      | Learned a level 3 spell: Confuse
  1410 | D:2      | Learned a level 2 spell: Sure Blade
  1420 | D:2      | Succumbed to Crazy Yiuf's poison

Action                   || total
-------------------------++-------
Melee: Dagger            ||   117
 Cast: Sure Blade        ||     1
       Corona            ||     1
  Use: Scroll            ||     1
 Stab: Sleeping          ||     4
       Distracted        ||     1
